 Dungeon Crawl Stone Soup version 0.26-a0-40-gfe7b5d5a6f (webtiles) character file.

Game seed: 9529646092741073888, levelgen mode: deterministic

49 Aramant the Poker (level 3, 0/30 HPs)
             Began as a Merfolk Berserker on June 1, 2020.
             Was a Follower of Trog.
             Slain by an orc (2 damage)
             ... on level 3 of the Dungeon.
             The game lasted 00:08:00 (1129 turns).

Aramant the Poker (Merfolk Berserker)               Turns: 1129, Time: 00:08:01

Health: 0/30       AC:  3    Str: 18    XL:     3   Next: 75%
Magic:  3/3        EV: 13    Int:  6    God:    Trog [*.....]
Gold:   63         SH:  0    Dex: 13    Spells: 2/2 levels left

rFire    . . .     SeeInvis .   a - +0 spear
rCold    . . .     Gourm    .   (no shield)
rNeg     . . .     Faith    .   b - +1 animal skin
rPois    .         Spirit   .   (no helmet)
rElec    .         Reflect  .   (no cloak)
rCorr    .         Harm     .   (no gloves)
MR       .....                  (no boots)
Stlth    +.........             (no amulet)
HPRegen  0.10/turn              (no ring)
MPRegen  0.08/turn              (no ring)

@: about to teleport
A: change form in water, swift swim, stealthy swim
a: Berserk, Renounce Religion


You were on level 3 of the Dungeon.
You worshipped Trog.
Trog was aware of your devotion.
You were not hungry.

You visited 1 branch of the dungeon, and saw 3 of its levels.

You collected 63 gold pieces.

Inventory:

Hand Weapons
 a - a +0 spear (weapon)
Armour
 b - a +1 animal skin (worn)
Potions
 e - a potion of lignification
Comestibles
 c - 4 rations


   Skills:
 + Level 4.0 Fighting
 + Level 5.7 Polearms
 + Level 1.6 Armour
 + Level 2.9 Dodging


You had 2 spell levels left.
You didn't know any spells.
Your spell library was empty.

Dungeon Overview and Level Annotations

Branches:
Dungeon (3/15)

Altars:


Message History

The orc hits you but does no damage.
You closely miss something.
You hear some strange, mumbled words.
A puff of flame appears from out of thin air!
The puff of flame misses you. The orc closely misses you.
As you read the scroll labeled SADIL KIEFRASU, it crumbles to dust.
It is a scroll of enchant armour.
Your +0 animal skin glows green for a moment.
Something hits you but does no damage. The orc misses you.
As you read the scroll labeled LUKKINL CASA, it crumbles to dust.
You feel strangely unstable.
It was a scroll of teleportation.
Something hits you but does no damage. The orc closely misses you.
As you read the scroll labeled FUCEOS NETZ, it crumbles to dust.
It is a scroll of identify.
e - a potion of lignification Something hits you but does no damage.
The orc misses you.
As you read the scroll labeled WEATAE HIEGEO, it crumbles to dust.
You feel blessed for a moment.
It was a scroll of remove curse.
Something hits you but does no damage. The orc hits you.
You die...

#### #{@#
#...oo#o#
.#.####.#
######.#..#
#.#.....#.#
#..#.#######
.#..
#.#######..#
....
###......##..#
....
..######.##..#


You could see 3 orcs.

Vanquished Creatures
  2 adders (D:3)
  A dart slug (D:3)
  A leopard gecko (D:1)
  4 orcs (D:3)
  A ball python (D:3)
  A bat (D:2)
  3 goblins
  A hobgoblin (D:1)
  2 jackals (D:2)
  4 kobolds
  2 frilled lizards
  2 rats
24 creatures vanquished.

Notes
Turn   | Place    | Note
-------+----------+-------------------------------------------
     0 | D:1      | Aramant the Merfolk Berserker began the quest for the Orb.
     0 | D:1      | Reached XP level 1. HP: 18/18 MP: 1/1
   255 | D:1      | Reached XP level 2. HP: 12/24 MP: 2/2
   687 | D:3      | Reached skill level 5 in Polearms
   709 | D:3      | Reached XP level 3. HP: 20/30 MP: 3/3
  1120 | D:3      | HP: 1/30 [something (4)]
  1129 | D:3      | Slain by an orc

Illustrated notes

Levels and vault maps discovered:
D:1:      scummos_arrival_checkerplants, layout_basic,
          hangedman_abyss_or_decor_lesser_grid, grunt_decor_arrowhead
D:2:      layout_basic, uniq_sigmund
D:3:      minmay_angry_zag, layout_loops_ring

Skill      XL: |  1  2  3 |
---------------+----------+-----
Polearms       | 5 |  5.7
Fighting       | 4 |  4.0
Armour         | |  1.6
Dodging        | |  2.9

Action                   || total
-------------------------++-------
Melee: Spear             ||   106
  Use: Scroll            ||     4
  Eat: Chunk             ||     1
Armor: Animal skin       ||    14
Dodge: Dodged            ||    62

Table legend:
 A = Non-vault XP
 B = Vault XP
 C = Vault XP percentage of total XP
 D = Non-vault monster count
 E = Vault monster count
 F = Vault count percentage of total count
                 A         B        C        D         E       F
            +---------+---------+-------+---------+---------+-------
      Total |      57 |      13 |  18.6 |      23 |       1 |   4.2
            +---------+---------+-------+---------+---------+-------
        D:1 |      13 |       0 |   0.0 |       7 |       0 |   0.0
        D:2 |       8 |       0 |   0.0 |       5 |       0 |   0.0
        D:3 |      36 |      13 |  26.5 |      11 |       1 |   8.3
            +---------+---------+-------+---------+---------+-------
